 Dungeon Crawl Stone Soup version 0.31-a0-237-g2d982f9f85 (webtiles) character file.

Game seed: 2499493415897376564

35 qw the Shooter (level 3, 0/29 HPs)
             Began as a Minotaur Hexslinger on July 10, 2023.
             Slain by an ogre
             ... wielding a +0 giant club
              (7 damage)
             ... on level 3 of the Dungeon.
             The game lasted 00:00:23 (920 turns).

qw the Shooter (Minotaur Hexslinger)                 Turns: 920, Time: 00:00:24

Health: 0/29       AC:  3    Str: 12    XL:     3   Next: 17%
Magic:  3/3        EV: 12    Int: 10    God:
Gold:   64         SH:  0    Dex: 14    Spells: 3/4 levels left

rFire   . . .        Y - +1 sling
rCold   . . .        (no shield)
rNeg    . . .        g - +0 leather armour
rPois   .            (helmet restricted)
rElec   .            (no cloak)
rCorr   .            (no gloves)
SInv    .            (no boots)
Will    .....        (no amulet)
Stlth   +            (no ring)
HPRegen 0.24/turn    (no ring)
MPRegen 0.08/turn

%: no passive effects
@: no status effects
A: horns 2, retaliatory headbutt
a: no special abilities


You were on level 3 of the Dungeon.
You visited 1 branch of the dungeon, and saw 3 of its levels.

You collected 64 gold pieces.


Innate Abilities, Weirdness & Mutations

You have a pair of horns on your head.
You reflexively headbutt those who attack you in melee.


   Skills:
 - Level 2.0 Fighting
 + Level 3.7 Ranged Weapons
 - Level 2.1 Dodging
 - Level 1.0 Spellcasting
 - Level 2.0 Hexes


You had 3 spell levels left.
You knew the following spells:

 Your Spells              Type           Power      Damage    Failure   Level
a - Slow                  Hex            16%        N/A       19%         1

Your spell library contained the following spells:

 Spells                   Type           Power      Damage    Failure   Level
 Inner Flame              Hex/Fire       2%         N/A       65%         3
 Portal Projectile        Hex/Tloc       4%         N/A       65%         3
 Cause Fear               Hex            2%         N/A       88%         4

Inventory:

Hand Weapons
 Y - a +1 sling (weapon)
Armour
 g - a +0 leather armour (worn)
Scrolls
 a - a scroll of enchant weapon {unknown}
 b - a scroll of teleportation {unknown}
 c - a scroll of identify {unknown}
Potions
 e - a potion of haste {unknown}
 f - 3 potions of magic {unknown}

Dungeon Overview and Level Annotations

Branches:
Dungeon (3/15)

Altars:
Ashenzari


Message History

The sling bullet hits the worm but does no damage.
You shoot a sling bullet. The sling bullet hits the worm.
The worm is moderately wounded.
You shoot a sling bullet. The sling bullet hits the worm.
The worm is severely wounded.
You shoot a sling bullet. The sling bullet hits the worm.
The worm is almost dead.
You shoot a sling bullet. The sling bullet hits the worm!
You kill the worm!
You open the door.
There is an open door here.
Found a broken altar of Ashenzari.
Enter note:
b - a scroll labelled YFA INGOJAZ
Enter note:
Enter note:
There is a broken altar of Ashenzari here.
c - a scroll labelled YDDYUD HIMEXUF
Enter note:
Enter note: An ogre comes into view. It is wielding a +0 giant club.
The ogre shouts!
Enter note:
Enter note: You shoot a sling bullet.
The sling bullet hits the ogre.
The ogre is lightly wounded.
You shoot a sling bullet.
The sling bullet barely misses the ogre.
You shoot a sling bullet.
The sling bullet barely misses the ogre.
You shoot a sling bullet. The sling bullet hits the ogre.
The ogre is lightly wounded.
You shoot a sling bullet. The sling bullet hits the ogre.
The ogre is moderately wounded.
The ogre hits you with a +0 giant club!!
Ouch! That really hurt!
You shoot a sling bullet.
The sling bullet barely misses the ogre.
The ogre hits you with a +0 giant club!
You die...

..# ..# #.. . ##### #.# P ....#
#.# ....# #.#
....############O#.#.# #.#.....
................@#
..#+##.#....#
.#####.#.#########
#....#......# .......#.#......#
#....##.....# .#...#.#.#.####.#
#....+...... .#._.#.#.#.####.#
#....##...#
.#...#.#......#.####....##...#
.......#.#.##.#....'....')...##
.#####.#...# ######....##.#..#
# .........#.# #....##.##.# #


You could see an ogre.

Vanquished Creatures
  A worm (D:3)
  A dart slug (D:1)
  An orc (D:3)
  4 endoplasms
  2 giant cockroaches (D:3)
  3 hobgoblins (D:1)
  2 jackals (D:3)
  A quokka (D:1)
  2 bats (D:1)
  A frilled lizard (D:1)
  4 goblins
  2 kobolds (D:2)
  3 rats
27 creatures vanquished.

Notes
Turn   | Place    | Note
-------+----------+-------------------------------------------
     0 | D:1      | qw the Minotaur Hexslinger began the quest for the Orb.
     0 | D:1      | Reached XP level 1. HP: 16/16 MP: 1/1
     0 | D:1      | 0 ||| qw: Version: 0.3-a-52-g30416fa
     0 | D:1      | 0 ||| qw: Game counter: 5087
     0 | D:1      | 0 ||| qw: Melee chars always use a shield: true
     0 | D:1      | 0 ||| qw: God list: Okawaru
     0 | D:1      | 0 ||| qw: Allow faded altars: false
     0 | D:1      | 0 ||| qw: Do Orc after clearing Dungeon:15 true
     0 | D:1      | 0 ||| qw: Do second Lair branch before Depths: true
     0 | D:1      | 0 ||| qw: Lair rune preference: random
     0 | D:1      | 0 ||| qw: Goals: Normal
     0 | D:1      | 0 ||| PLANNING D:1-11
     2 | D:1      | 2 ||| DROPPING scroll of poison.
   112 | D:1      | Reached skill level 3 in Ranged Weapons
   116 | D:1      | Reached XP level 2. HP: 22/23 MP: 2/2
   656 | D:1      | 656 ||| UPGRADING to +0 leather armour.
   666 | D:1      | 666 ||| DROPPING +0 robe.
   667 | D:1      | 667 ||| READING scroll labelled TAIRILALAYGI.
   668 | D:1      | 668 ||| READING 2 scrolls labelled IPSAUF QINEO.
   669 | D:1      | 669 ||| DROPPING scroll of blinking.
   750 | D:2      | You fall into a shaft and drop 1 floor!
   786 | D:3      | Found a faded altar of an unknown god.
   824 | D:3      | Reached XP level 3. HP: 29/29 MP: 3/3
   885 | D:3      | Found a broken altar of Ashenzari.
   914 | D:3      | Noticed an ogre
   919 | D:3      | HP: 7/29 [ogre/+0 giant club (22)]
   920 | D:3      | Slain by an ogre

Levels and vault maps discovered:
D:1:      minmay_arrival_glassed_features, layout_loops_ring,
          nicolae_eternal_life, kennysheep_doodads
D:2:      layout_basic, uniq_sigmund, uniq_natasha
D:3:      layout_basic, mainiacjoe_overflow_cross_hatched, demons_altar,
          shapermc_ecumenical_altar_gd, serial_shops,
          nicolae_shop_tiny_statue_garden

Skill      XL: |  1  2 |
---------------+-------+-----
Ranged Weapons | 3 |  3.7
Fighting       | 2 |  2.0
Dodging        | |  2.1
Spellcasting   | |  1.0
Hexes          | |  2.0

Action                     || total
---------------------------++-------
   Fire: Sling             ||    77
    Use: Scroll            ||     2
 Armour: Leather armour    ||     2
  Dodge: Dodged            ||    14

Table legend:
 A = Non-vault XP
 B = Vault XP
 C = Vault XP percentage of total XP
 D = Non-vault monster count
 E = Vault monster count
 F = Vault count percentage of total count
                 A         B        C        D         E       F
            +---------+---------+-------+---------+---------+-------
      Total |      51 |       0 |   0.0 |      27 |       0 |   0.0
            +---------+---------+-------+---------+---------+-------
        D:1 |      26 |       0 |   0.0 |      15 |       0 |   0.0
        D:2 |       7 |       0 |   0.0 |       5 |       0 |   0.0
        D:3 |      18 |       0 |   0.0 |       7 |       0 |   0.0
            +---------+---------+-------+---------+---------+-------
